 Dungeon Crawl Stone Soup version 0.20-a0-738-gb057e68 (webtiles) character file.

47 esteth the Ruffian (level 3, -2/28 HPs)
             Began as a Draconian Transmuter on Feb 23, 2017.
             Succumbed to an orc wizard's poison
             ... on level 3 of the Dungeon.
             The game lasted 00:03:33 (1069 turns).

esteth the Ruffian (Draconian Transmuter)           Turns: 1069, Time: 00:03:34

Health: -2/28      AC:  5    Str: 12    XL:     3   Next: 48%
Magic:  13/15      EV: 12    Int: 14    God:
Gold:   128        SH:  0    Dex: 11    Spells: 3/6 levels left

rFire    . . .     SeeInvis .     - Unarmed
rCold    . . .     Gourm    .   (armour unavailable)
rNeg     . . .     Faith    .   (no shield)
rPois    .         Spirit   .   (helmet restricted)
rElec    .         Reflect  .   (no cloak)
rCorr    .         Harm     .   (no gloves)
MR       .....                  (no boots)
Stlth    +.........             (no amulet)
Regen    0.1/turn               (no ring)
MPRegen  0.2/turn               d - ring of magical power

@: lethally poisoned (-2 -> -39)
A: unfitting armour, cold-blooded, AC +5
a: no special abilities


You were on level 3 of the Dungeon.
You were hungry.

You visited 1 branch of the dungeon, and saw 3 of its levels.

You collected 128 gold pieces.

Inventory:

Missiles
 a - 10 arrows (quivered)
Jewellery
 d - a ring of magical power (left hand)
Scrolls
 e - 2 scrolls of teleportation
 h - a scroll of identify
Potions
 f - a potion of brilliance
Books
 b - a book of Changes

   Spells                             Type                      Level
   a - Beastly Appendage              Transmutation                1
   b - Sticks to Snakes               Transmutation                2
   c - Spider Form                    Transmutation/Poison         3
   d - Ice Form                       Ice/Transmutation            4
   e - Blade Hands                    Transmutation                5
Comestibles
 c - 2 bread rations
 g - 2 meat rations


   Skills:
 - Level 1.1 Fighting
 - Level 1.7 Dodging
 + Level 4.5 Unarmed Combat
 - Level 2.0 Spellcasting
 - Level 2.0 Transmutations


You had 3 spell levels left.
You knew the following spells:

 Your Spells              Type           Power        Failure   Level  Hunger
a - Beastly Appendage     Tmut           #.....       12%         1    ##.....
b - Sticks to Snakes      Tmut           #.......     17%         2    ###....


Dungeon Overview and Level Annotations

Branches:
Dungeon (2/15)

Altars:


Innate Abilities, Weirdness & Mutations

Your plain brown scales are hard. (AC +5)
You cannot fit into any form of body armour.
You are cold-blooded and may be slowed by cold attacks.


Message History

The magic dart hits your ball python.
Your ball python dies!
A magic dart appears from out of thin air!
The magic dart hits you! Something hits you but does no damage.
You are poisoned.
You see here a trident.
You closely miss something.
You feel sick. Something hits you.
You are lethally poisoned!
You miss something.
You feel sick. Something hits you.
* * * LOW HITPOINT WARNING * * *
You are more poisoned.
You barely miss something.
* * * LOW HITPOINT WARNING * * *
You feel sick. Something hits you.
* * * LOW HITPOINT WARNING * * *
You are more poisoned.
Okay, then.
You miss something.
You die...

##### ..
########...########....
...............@{......
..............S).......
########...############
# #...# # #...# # #...#
# #...# #########...#
##..........#


You could see a friendly adder.

Vanquished Creatures
  A centaur skeleton (D:3)
  A dart slug (D:1)
  A leopard gecko (D:1)
  An orc (D:3)
  3 bats
  3 goblins
  A hobgoblin (D:2)
  2 kobolds
13 creatures vanquished.

Vanquished Creatures (collateral kills)
  An orc (D:3)
1 creature vanquished.

Grand Total: 14 creatures vanquished

Notes
Turn   | Place    | Note
-------+----------+-------------------------------------------
     0 | D:1      | esteth the Draconian Transmuter began the quest for the Orb.
     0 | D:1      | Reached XP level 1. HP: 16/16 MP: 3/3
   371 | D:1      | Reached XP level 2. HP: 23/23 MP: 5/5
   852 | D:2      | Learned a level 2 spell: Sticks to Snakes
   885 | D:2      | You fall through a shaft!
   908 | D:3      | Reached skill level 4 in Unarmed Combat
   908 | D:3      | Reached XP level 3. HP: 17/28 MP: 6/6
  1068 | D:3      | HP: 1/28 [something (6)]
  1069 | D:3      | Succumbed to an orc wizard's poison

Vault maps used:
D:1:      matt_arrival_los_fun, moated_statue, hex_medium, eino_curves_04
D:2:      uniq_crazy_yiuf_cottage
D:3:      lemuel_coloured_pillars_altar, chequers_temple_overflow_minitemple,
          first_bread, lemuel_old_faithful, uniq_iyjb, uniq_jessica

Skill      XL: |  1  2 |
---------------+-------+-----
Unarmed Combat | 4 |  4.5
Fighting       | |  1.1
Dodging        | |  1.7
Spellcasting   | |  2.0
Transmutations | |  2.0

Action                   || total
-------------------------++-------
Melee: Unarmed           ||    47
       Tailslap          ||     5
       Punch             ||     1
 Cast: Sticks to Snakes  ||     2
  Use: Scroll            ||     3
       Potion            ||     2
Armor: Skin              ||    11
Dodge: Dodged            ||    23
